AoeStats
← 我说狂阿七比肥龙强,B站关注狂阿七谢谢喵

MegaRandom

509358761Analyzed
2v2 RM · 7d ago on Sep 26, 2026· 24m 49s· 4 players
Game mode
Random Map
Map size
Medium (4 player)
Population
200
Speed
Normal
Resources
Standard
Victory
Conquest
Starting age
Dark Age
Ending age
Imperial Age
RankedLock teamsTeams togetherTeam positionsShared explorationLock speedFull tech treeHidden civsTurbo modeCheats
Victory
Defeat
🇨🇳 Saxons · China
962
+19
🇩🇪 Burgundians · Germany
1045
-19
🇭🇰 Tatars · Hong Kong SAR China
1021
-18
code monkey HK
10:19 Feudal Age
12:06 Double-Bit Axe
13:06 Loom
14:40 Gold Mining
15:45 Horse Collar
22:44 Castle Age
21:54 Fletching
22:10 Stone Mining
25:05 Bodkin Arrow
Moo Deng
3:57 Loom
6:12 Double-Bit Axe
12:03 Feudal Age
13:04 Fishing Lines
15:02 Bow Saw
18:37 Castle Age
18:24 Horse Collar
19:49 Heavy Plow
23:40 Scale Barding Armor
我说狂阿七比肥龙强,B站关注狂阿七谢谢喵
11:32 Feudal Age
15:03 Castle Age
13:20 Double-Bit Axe
13:53 Horse Collar
15:51 Loom
19:14 Bow Saw
19:50 Town Watch
22:19 Wheelbarrow
22:21 Fletching
qbe
6:57 Loom
11:40 Feudal Age
15:37 Castle Age
13:59 Fletching
14:23 Fishing Lines
14:53 Double-Bit Axe
16:41 Medium Warships
16:37 Bodkin Arrow
23:42 Horse Collar
24:15 Bow Saw
Connection lost

Rejoining the realm…

Still unreachable

The connection could not be restored.

Session expired

The server has moved on; the page needs a fresh start.